 Dungeon Crawl Stone Soup version 0.18-b1-14-g029dad2 (webtiles) character file.

187 dobroeutro the Cudgeler (level 5, 0/28 HPs)
             Began as a Gargoyle Fighter on Apr 30, 2016.
             Slain by MagicLamp's ghost (11 damage)
             ... on level 3 of the Dungeon.
             The game lasted 00:04:52 (3045 turns).

dobroeutro the Cudgeler (Gargoyle Fighter)          Turns: 3045, Time: 00:04:53

Health: 0/28       AC: 14    Str: 22    XL:     5   Next: 66%
Magic:  5/5        EV:  2    Int:  7    God:
Gold:   142        SH:  9    Dex: 11    Spells: 0 memorised, 4 levels left

rFire  . . .     SeeInvis .     a - +1 flail
rCold  + . .     Gourm    .     b - +0 scale mail
rNeg   + . .     Faith    .     c - +0 shield
rPois  ∞         Spirit   .     (no helmet)
rElec  +         Dismiss  .     (no cloak)
rCorr  .         Reflect  .     u - +0 pair of gloves
SustAt .         Harm     .     (no boots)
MR     .....                    (no amulet)
Stlth  ..........               n - +3 ring of dexterity
                                e - ring of protection from cold

@: not resistant to hostile enchantments, extremely unstealthy
A: big wings, icy blue scales 1, rough black scales 1, deformed body, dopey 1,
frail 1, negative energy resistance 1, electricity resistance, strong 1,
unbreathing, petrification resistance, rot immunity, AC +4
a: Fly


You were on level 3 of the Dungeon.
You were very hungry.

You visited 1 branch of the dungeon, and saw 3 of its levels.

You collected 142 gold pieces.

Inventory:

Hand Weapons
 a - a +1 flail (weapon)
Armour
 b - a +0 scale mail (worn)
 c - a +0 shield (worn)
 u - a +0 pair of gloves (worn)
Jewellery
 e - a ring of protection from cold (left hand)
 n - a +3 ring of dexterity (right hand)
Scrolls
 g - 2 scrolls of identify
 h - a scroll of remove curse
 m - a scroll of teleportation {unknown}
 q - a scroll of magic mapping
 r - a scroll of recharging {unknown}
 s - a scroll of enchant armour {unknown}
Potions
 d - a potion of might
 o - 2 potions of haste {unknown}
 t - a potion of curing {unknown}
Comestibles
 f - 3 bread rations
 i - 6 fruits
 p - 2 beef jerkies


   Skills:
 + Level 3.4 Fighting
 + Level 5.0 Maces & Flails
 + Level 3.8 Armour
 + Level 0.7 Dodging
 + Level 3.4 Shields


You had 4 spell levels left.
You didn't know any spells.

Dungeon Overview and Level Annotations

Branches:
Dungeon (3/15)

Altars:
Pakellas
Qazlal

Annotations:
D:3 MagicLamp's ghost, amateur FoFi


Innate Abilities, Weirdness & Mutations

You are resistant to torment.
Your stone body is resilient (AC +4).
You are immune to poison.
You resist negative energy.
You are resistant to electric shocks.
You can survive without breathing.
You are immune to petrification.
You are immune to rotting.
Your large and strong wings let you fly indefinitely.
You are partially covered in icy blue scales (AC +1).
You are partially covered in rough black scales (AC +4, Dex -1).
Armour fits poorly on your strangely shaped body.
You are dopey. (Int -2)
You are frail (-10% HP).
Your muscles are strong. (Str +2)


Message History

You are too injured to fight recklessly!
You are too injured to fight recklessly!
You are too injured to fight recklessly!
You are too injured to fight recklessly!
You are too injured to fight recklessly!
You are too injured to fight recklessly!
You are too injured to fight recklessly!
You are too injured to fight recklessly!
You are too injured to fight recklessly!
You are too injured to fight recklessly!
You are too injured to fight recklessly!
You are too injured to fight recklessly!
You are too injured to fight recklessly!
You are too injured to fight recklessly!
You are too injured to fight recklessly!
MagicLamp's ghost closely misses you.
MagicLamp's ghost crushes a nearby insect and laughs.
There is an escape hatch in the ceiling here.
MagicLamp's ghost hits you!
You die...

**,,,,,** #..<....(......
*8,,,,,8* ###..)####...#.
**,,,,,** #......>#..###
#8...8# ##<..##.#.## #
##.....## ##W.##.#..###
*8.....8* ##......#.#.
*#.....#*
##############.###...
*8...8*
##...##.()(...#.....#.
*##>##*
##.###@#.#####.#####...
####### #.## ##W.#####.#
#.#÷ .....######.#
#........# #W..
............## ##........#
##.#
####..######.###.#.......#
#.## ##...<#
##...##.##.#..# #W.#
##.#..# ######.##.#..#
#... ......# #.......#
#... ...).## #.......#
#...


You could see MagicLamp's ghost.

Vanquished Creatures
  6 adders
  4 gnolls (D:2)
  A shadow imp (D:3)
  An ooze (D:3)
  A worm (D:2)
  6 dart slugs
  2 giant geckos
  2 orcs (D:3)
  5 giant cockroaches
  9 goblins
  4 hobgoblins
  2 jackals (D:1)
  9 kobolds
  2 ball pythons
  7 bats
  3 giant newts (D:2)
  8 rats
72 creatures vanquished.

Notes
Turn   | Place    | Note
--------------------------------------------------------------
     0 | D:1      | dobroeutro the Gargoyle Fighter began the quest for the Orb.
     0 | D:1      | Reached XP level 1. HP: 14/14 MP: 1/1
    79 | D:1      | Reached XP level 2. HP: 19/19 MP: 2/2
   189 | D:1      | Reached skill level 3 in Maces & Flails
   545 | D:1      | Reached XP level 3. HP: 23/23 MP: 3/3
   943 | D:2      | Reached skill level 4 in Maces & Flails
  1174 | D:2      | Reached XP level 4. HP: 13/28 MP: 4/4
  1457 | D:2      | Reached skill level 5 in Maces & Flails
  1459 | D:2      | Reached XP level 5. HP: 27/32 MP: 5/5
  1657 | D:3      | Noticed MagicLamp's ghost (amateur FoFi)
  1945 | D:3      | Found an oddly glowing altar of Pakellas.
  2058 | D:3      | Found a stormy altar of Qazlal.
  2760 | D:3      | Gained mutation: Your body sometimes deteriorates upon taking damage. [potion of mutation]
  2760 | D:3      | Gained mutation: You are dopey. (Int -2) [potion of mutation]
  2760 | D:3      | Gained mutation: Your large and strong wings let you fly indefinitely. [potion of mutation]
  2761 | D:3      | Gained mutation: You are partially covered in icy blue scales (AC +1). [potion of mutation]
  2761 | D:3      | Gained mutation: You are frail (-10% HP). [potion of mutation]
  2761 | D:3      | Lost mutation: Your body sometimes deteriorates upon taking damage. [potion of mutation]
  2762 | D:3      | Gained mutation: You are partially covered in rough black scales (AC +4, Dex -1). [potion of mutation]
  2762 | D:3      | Gained mutation: Your muscles are strong. (Str +2) [potion of mutation]
  2762 | D:3      | Gained mutation: Armour fits poorly on your strangely shaped body. [potion of mutation]
  3045 | D:3      | Slain by MagicLamp's ghost

Skill      XL: |  1  2  3  4 |
---------------+-------------+-----
Maces & Flails | 3 4 5 |  5.0
Fighting       | |  3.4
Armour         | |  3.8
Dodging        | |  0.7
Shields        | |  3.4

Action                   |  1- 3 |  4- 6 || total
-------------------------+-------+-------++-------
Melee: Flail             |   123 |   171 ||   294
  Use: Scroll            |       |     5 ||     5
       Potion            |       |     3 ||     3
  Eat: Chunk             |       |     6 ||     6
Armor: Scale mail        |    71 |    72 ||   143
Dodge: Dodged            |    39 |    53 ||    92
Block: Shield            |    69 |    93 ||   162
